 Dungeon Crawl Stone Soup version 0.19-a0-49-gb8736b8 (webtiles) character file.

165 Zhenya25pyc the Shield-Bearer (level 5, 0/33 HPs)
             Began as a Gargoyle Fighter on May 6, 2016.
             Slain by Grinder (5 damage)
             ... on level 2 of the Dungeon.
             The game lasted 00:04:49 (2259 turns).

Zhenya25pyc the Shield-Bearer (Gargoyle Fighter)    Turns: 2259, Time: 00:04:49

Health: 0/33       AC: 13    Str: 20    XL:     5   Next: 46%
Magic:  14/14      EV:  2    Int:  9    God:
Gold:   102        SH:  9    Dex:  9    Spells: 0 memorised, 4 levels left

rFire  . . .     SeeInvis .     a - +0 flail
rCold  . . .     Gourm    .     b - +0 scale mail
rNeg   + . .     Faith    .     c - +0 shield
rPois  ∞         Spirit   .     (no helmet)
rElec  +         Dismiss  .     w - +0 cloak
rCorr  +         Reflect  .     (no gloves)
SustAt .         Harm     .     q - +0 pair of boots
MR     .....                    (no amulet)
Stlth  ..........               u - ring of resist corrosion
                                l - ring of magical power

@: not resistant to hostile enchantments, extremely unstealthy
A: negative energy resistance 1, electricity resistance, unbreathing,
petrification resistance, rot immunity, AC +4
a: no special abilities


You were on level 2 of the Dungeon.
You were not hungry.

You visited 1 branch of the dungeon, and saw 3 of its levels.

You collected 102 gold pieces.

Inventory:

Hand Weapons
 a - a +0 flail (weapon)
Armour
 b - a +0 scale mail (worn)
 c - a +0 shield (worn)
 p - a +3 scale mail
 q - a +0 pair of boots (worn)
 w - a +0 cloak (worn)
Jewellery
 l - a ring of magical power (left hand)
 u - a ring of resist corrosion (right hand)
 y - an uncursed ring of wizardry {unknown}
Scrolls
 h - 2 scrolls of random uselessness {unknown}
 j - a scroll of remove curse {unknown}
 o - 4 scrolls of identify {unknown}
 r - 3 scrolls of enchant armour {unknown}
 s - a scroll of amnesia {unknown}
 v - a scroll of blinking {unknown}
 A - a scroll of enchant weapon {unknown}
Potions
 d - a potion of might
 e - 3 potions of haste
 k - 2 potions of heal wounds {unknown}
 m - a potion of berserk rage {unknown}
 n - 2 potions of ambrosia {unknown}
 t - a potion of resistance {unknown}
 x - a potion of agility {unknown}
Comestibles
 f - a bread ration
 g - 2 beef jerkies
 i - 2 meat rations
 z - 4 fruits


   Skills:
 + Level 3.9 Fighting
 * Level 3.7 Maces & Flails
 + Level 4.1 Armour
 + Level 4.2 Shields


You had 4 spell levels left.
You didn't know any spells.

Dungeon Overview and Level Annotations

Branches:
Dungeon (3/15)

Altars:
Xom

Annotations:
D:2 Grinder


Innate Abilities, Weirdness & Mutations

You are resistant to torment.
Your stone body is resilient (AC +4).
You are immune to poison.
You resist negative energy.
You are resistant to electric shocks.
You can survive without breathing.
You are immune to petrification.
You are immune to rotting.


Message History

You block Grinder's attack. Grinder hits you.
* * * LOW HITPOINT WARNING * * *
You are too injured to fight recklessly!
You are too injured to fight recklessly!
You are too injured to fight recklessly!
Grinder hits you but does no damage.
You climb downwards.
There is a stone staircase leading up here.
You are too injured to fight recklessly!
Grinder hits you but does no damage.
You climb upwards.
There is a stone staircase leading down here.
Grinder hits you but does no damage.
You climb downwards.
There is a stone staircase leading up here.
Grinder hits you but does no damage.
You climb upwards.
There is a stone staircase leading down here.
Grinder hits you.
You die...

###......<........(
#.....####....#....
#.....####....#....
#........#....#.#..
#..........#....###
#####..#.####...###
##...##.#....#...#
#..####.#.##..[...
##@........#####...
#5..#####...####..#
#..## #..........
#### #...######.
#...# #.
#...#######
#...##.....
######.####
##.........


You could see Grinder.

Vanquished Creatures
  Ijyb (D:2)
  A gnoll (D:2)
  3 adders (D:2)
  3 oozes
  2 worms
  3 dart slugs
  3 giant geckos
  4 orcs
  3 giant cockroaches (D:2)
  8 goblins
  6 hobgoblins
  6 jackals (D:2)
  A quokka (D:2)
  8 bats
  5 giant newts
  9 kobolds
  9 rats
75 creatures vanquished.

Notes
Turn   | Place    | Note
--------------------------------------------------------------
     0 | D:1      | Zhenya25pyc the Gargoyle Fighter began the quest for the Orb.
     0 | D:1      | Reached XP level 1. HP: 14/14 MP: 1/1
    83 | D:1      | Reached XP level 2. HP: 15/19 MP: 2/2
   603 | D:1      | Reached XP level 3. HP: 23/23 MP: 3/3
   911 | D:2      | Reached XP level 4. HP: 25/28 MP: 4/4
  1257 | D:2      | Noticed Ijyb
  1277 | D:2      | Killed Ijyb
  1277 | D:2      | Reached XP level 5. HP: 32/33 MP: 5/5
  1400 | D:2      | Found a shimmering altar of Xom.
  1686 | D:3      | Noticed Grinder
  1705 | D:3      | Paralysed by Grinder for 7 turns
  1715 | D:3      | HP: 1/33 [Grinder/nerve-wracking pain (9)]
  2220 | D:2      | Paralysed by Grinder for 7 turns
  2228 | D:2      | Paralysed by Grinder for 3 turns
  2259 | D:2      | Slain by Grinder

Vault maps used:
D:1:      minmay_arrival_split_and_join
D:2:      tgw_xom, uniq_iyjb
D:3:      uniq_jessica, uniq_grinder

Skill      XL: |  1  2  3  4 |
---------------+-------------+-----
Maces & Flails | 3 |  3.7
Shields        | 4 |  4.2
Armour         | 4 |  4.1
Fighting       | |  3.9

Action                   |  1- 3 |  4- 6 || total
-------------------------+-------+-------++-------
Melee: Flail             |   121 |   225 ||   346
  Eat: Chunk             |       |     3 ||     3
       Bread ration      |       |     1 ||     1
Armor: Scale mail        |    70 |   135 ||   205
Dodge: Dodged            |    51 |    77 ||   128
Block: Shield            |    72 |   149 ||   221
